 Dungeon Crawl Stone Soup version 0.29.1-12-g30fa7ad0bf (webtiles) character file.

Game seed: 2686497448037274864

2 FexLirch the Grave Robber (level 1, -1/13 HPs)
             Began as a Mummy Necromancer on Jan 15, 2023.
             Slain by an endoplasm (2 damage)
             ... on level 1 of the Dungeon.
             The game lasted 00:00:21 (209 turns).

FexLirch the Grave Robber (Mummy Necromancer)        Turns: 209, Time: 00:00:22

Health: -1/13      AC:  2    Str: 11    XL:     1   Next: 33%
Magic:  2/4        EV: 12    Int: 14    God:
Gold:   13         SH:  0    Dex: 12    Spells: 4/5 levels left

rFire   x . .      SeeInvis .   d - +0 short sword
rCold   + . .      Faith    .   (no shield)
rNeg    + + +      Spirit   .   a - +0 robe
rPois   ∞          Reflect  .   (no helmet)
rElec   .          Harm     .   (no cloak)
rCorr   .          Rampage  .   (no gloves)
Will    .....                   (no boots)
Stlth   ++........              (no amulet)
HPRegen 0.04/turn               (no ring)
MPRegen 0.09/turn               (no ring)

@: no status effects
A: cold resistance 1, negative energy resistance 3, torment resistance 2, heat
vulnerability 1, no potions
a: no special abilities


You were on level 1 of the Dungeon.
You visited 1 branch of the dungeon, and saw 1 of its levels.

You collected 13 gold pieces.

Inventory:

Hand Weapons
 d - a +0 short sword (weapon)
Armour
 a - a +0 robe (worn)
Scrolls
 b - a scroll of fog {unknown}
 c - a scroll of enchant armour {unknown}


   Skills:
 - Level 1.5 Dodging
 - Level 1.5 Stealth
 + Level 2.8 Spellcasting
 + Level 4.0 Necromancy


You had 4 spell levels left.
You knew the following spells:

 Your Spells              Type           Power      Damage    Failure   Level
a - Necrotise             Necr           52%        1d6       4%          1

Your spell library contained the following spells:

 Spells                   Type           Power      Damage    Failure   Level
 Vampiric Draining        Necr           13%        2d6       12%         3
 Animate Dead             Necr           13%        N/A       38%         4
 Dazzling Flash           Conj/Hex       4%         N/A       54%         3
 Gell's Gravitas          Tloc           2%         N/A       54%         3
 Lesser Beckoning         Tloc           2%         N/A       54%         3
 Teleport Other           Tloc           2%         N/A       54%         3
 Iskenderun's Mystic Bla  Conj/Tloc      2%         2d3       91%         4
 Agony                    Necr           13%        N/A       75%         5
 Starburst                Conj/Fire      1%         6d3       100%        6


Dungeon Overview and Level Annotations

Branches:
Dungeon (1/15)

Altars:

Shops:
D:1 :


Innate Abilities, Weirdness & Mutations

You are immune to poison.
Your flesh is cold resistant. (rC+)
You are immune to negative energy. (rN+++)
You are immune to unholy pain and torment.
You are vulnerable to heat. (rF-)
You do not drink.


Message History

d - a +0 short sword (weapon)
Really walk into that teleport trap?
You enter a teleport trap!
The teleport trap disappears.
Your surroundings suddenly seem different.
You open the door.
A kobold, an endoplasm and a frilled lizard come into view.
The kobold shouts!
You hear a shout!
The endoplasm quivers.
Found a whip.
Found Ciojontufi's Book Emporium.
There are monsters nearby!
There are monsters nearby!
Found 14 gold pieces.
Found a stone staircase leading down.
The kobold hits you with a +0 dagger.
There is an open door here.
The kobold writhes in agony.
The frilled lizard hisses angrily.
The kobold barely misses you. The endoplasm freezes you.
You are frozen.
You resist.
A hobgoblin comes into view.
You are too injured to fight recklessly!
The kobold attacks as you move away! The kobold hits you with a +0 dagger.
The endoplasm attacks as you move away! The endoplasm hits you.
You are too injured to fight recklessly!
You completely miss the endoplasm. The endoplasm freezes you.
You are frozen.
You resist.
* * * LOW HITPOINT WARNING * * *
You hit the endoplasm but do no damage. The endoplasm freezes you.
You are frozen.
You resist.
* * * LOW HITPOINT WARNING * * *
You are too injured to fight recklessly!
Casting: Necrotise (safe; 4% risk of failure)
Confirm with . or Enter, or press ? or * to list all spells.
Aiming: Necrotise (safe; 4% risk of failure)
Press: ? - help, Shift-Dir - straight line, f/p - kobold
Aim: a kobold, wielding a +0 dagger (moderately wounded, chance to affect: 83%)
The endoplasm barely resists.
The endoplasm hits you.
You die...

#.....#♣♣♣.♣♣♣♣♣
#....## #..#
###'## ##.##
#.####..#
##......##
#.....###
##.....#
#......#
#@#....#
#J###### #...Kl#
..g$.....#
...>.....#
.###...∩.#
#.....# #.#####
#+


You could see an endoplasm, a kobold and a frilled lizard.

Vanquished Creatures
  An endoplasm (D:1)
  A kobold (D:1)
2 creatures vanquished.

Notes
Turn   | Place    | Note
-------+----------+-------------------------------------------
     0 | D:1      | FexLirch the Mummy Necromancer began the quest for the Orb.
     0 | D:1      | Reached XP level 1. HP: 13/13 MP: 4/4
   203 | D:1      | Found Ciojontufi's Book Emporium.
   209 | D:1      | Slain by an endoplasm

Illustrated notes

Levels and vault maps discovered:
D:1:      tarquinn_simple_flora_water_a, layout_basic, serial_shops, shop,
          minivault_23, minmay_stone_trees_medium

Action                   || total
-------------------------++-------
Melee: Short sword       ||     2
 Cast: Necrotise         ||     5
Dodge: Dodged            ||     1
